Map: World of Sleepers LE

Players

pHARM

  • Race: Zerg Zerg
  • League: Platinum
  • Spawn Location: 1:00

jscvalor - Winner!

  • Race: Terran Terran
  • League: Platinum
  • Spawn Location: 7:00

VOD

Have the link to the VOD?

Description

Time

  • Played on: Sept. 23, 2019, 9:51 p.m.
  • Length: 18:15
Show
View Real Time Build Order
Export as new Build Order

pHARM Zerg 

Build Orders: Hatch First 

Get SALT Encoding   

  12  0:03  Drone  
  13  0:15  Overlord  
  13  0:23  Drone  
  14  0:36  Drone x2  
  16  1:01  Drone x3  
  16  1:03  Hatchery  
  18  1:19  Extractor  
  18  1:25  Spawning Pool, Drone x2  
  18  1:38  Drone  
  19  1:52  Drone  
  20  2:09  Overlord  
  20  2:11  Drone  
  21  2:18  Queen x2  
  21  2:20  Zergling x4  
  27  2:27  Drone  
  28  2:41  Drone  
  28  2:42  Drone x2  
  31  2:53  Drone x2  
  31  2:58  Queen  
  35  3:19  Pneumatized Carapace  
  35  3:21  Metabolic Boost  
  35  3:24  Drone  
  36  3:36  Overlord x3  
  36  3:47  Overlord x2  
  36  4:03  Drone  
  36  4:04  Drone x11  
  36  4:08  Hatchery  
  47  4:45  Lair  
  47  4:53  Baneling Nest  
  47  4:59  Evolution Chamber  
  45  5:00  Extractor  
  45  5:01  Drone x7  
  45  5:02  Extractor, Drone  
  51  5:30  Zerg Melee Weapons Level 1  
  51  5:42  Evolution Chamber  
  50  5:44  Zergling x24  
  62  6:15  Zerg Ground Armor Level 1  
  62  6:18  Baneling x2  
  62  6:19  Baneling x5  
  62  6:20  Centrifical Hooks  
  62  6:31  Overlord x8  
  62  7:05  Zergling x16  
  62  7:06  Zergling x10  
  75  7:13  Extractor  
  74  7:18  Hydralisk Den  
  74  7:21  Infestation Pit  
  72  8:13  Zerg Melee Weapons Level 2, Zerg Ground Armor Level 2  
  72  8:25  Drone x12  
  63  9:16  Drone x11  
  72  9:39  Grooved Spines  
  72  9:42  Hive  
  72  9:50  Zergling x2  
  72  9:51  Zergling x4  
  75  9:58  Extractor  
  74  10:00  Extractor  
  73  10:20  Drone x3  
  73  10:21  Drone x3  
  79  10:31  Overlord x4  
  79  10:50  Muscular Augments  
  79  10:53  Zergling x8  
  83  11:05  Hatchery  
  82  11:15  Baneling x19  
  87  11:18  Zergling x12  
  88  11:39  Ultralisk Cavern  
  87  11:41  Zerg Ground Armor Level 3, Zerg Melee Weapons Level 3  
  87  11:44  Adrenal Glands  
  87  11:49  Zergling x12  
  93  12:08  Zergling x2  
  93  12:09  Zergling x18  
  103  12:34  Chitinous Plating  
  109  12:37  Ultralisk x4  
  109  12:40  Overlord x6  
  127  13:01  Hydralisk x8  
  127  13:02  Unknown  
  142  13:31  Overlord x2  
  142  13:32  Overlord x2  
  142  13:34  Hydralisk  
  142  13:35  Hydralisk x8  
  160  13:54  Anabolic Synthesis  
  160  14:05  Drone x6  
  160  14:06  Drone x2  
  105  14:48  Zergling x8  
  105  14:49  Zergling x36  
  96  14:54  Zergling x2  
  75  15:18  Ultralisk x8  
  119  15:29  Hatchery  
  119  15:35  Spire  
  89  16:01  Hydralisk  
  89  16:02  Hydralisk x4  
  99  16:10  Queen x2  
  103  16:11  Queen  
  63  16:47  Hydralisk x7  
  71  17:14  Corruptor x4  
  79  17:57  Drone x14  
Show
View Real Time Build Order
Export as new Build Order

jscvalor Terran - Winner!

Build Orders:  

Get SALT Encoding   

  12  0:00  SCV  
  13  0:16  SCV  
  13  0:17  Supply Depot  
  14  0:29  SCV  
  15  0:40  Refinery  
  15  0:41  Barracks  
  15  1:21  SCV  
  15  1:22  Command Center  
  16  1:34  Orbital Command  
  16  1:43  Marine  
  17  1:54  Supply Depot  
  17  2:00  Refinery  
  17  2:01  SCV  
  18  2:12  Barracks Tech Lab  
  18  2:13  SCV  
  19  2:25  Factory  
  19  2:26  SCV  
  20  2:31  Marine  
  21  2:44  SCV  
  22  2:53  Marine  
  22  2:58  Supply Depot  
  23  3:01  SCV  
  23  3:04  Stimpack  
  23  3:05  Orbital Command  
  24  3:10  Factory Tech Lab  
  24  3:16  SCV  
  24  3:18  Marine  
  26  3:29  Starport  
  26  3:35  Siege Tank  
  29  3:41  SCV  
  29  3:43  SCV  
  31  3:49  Barracks  
  31  3:55  Engineering Bay  
  31  3:57  Marine  
  31  4:00  SCV  
  31  4:01  SCV  
  34  4:07  Starport Reactor  
  34  4:25  Missile Turret  
  34  4:30  SCV x2  
  36  4:39  Barracks Reactor  
  36  4:43  Viking  
  36  4:44  Combat Shield, Viking  
  40  4:47  SCV  
  40  4:48  SCV  
  42  4:53  Supply Depot  
  42  4:54  Marauder  
  44  5:04  Armory  
  44  5:13  Engineering Bay  
  44  5:16  Supply Depot  
  44  5:27  Medivac x2  
  48  5:28  Marine  
  48  5:29  Marine  
  50  5:45  SCV x2  
  50  5:47  Refinery  
  50  5:49  Refinery  
  52  6:02  Concussive Shells  
  52  6:04  Missile Turret  
  52  6:06  Sensor Tower  
  52  6:19  Command Center  
  52  6:20  Factory  
  52  6:31  Terran Infantry Weapons Level 1  
  52  6:32  Terran Infantry Armor Level 1  
  52  6:35  SCV  
  52  6:36  SCV  
  54  6:48  SCV x2  
  56  7:00  SCV x2  
  61  7:01  Siege Tank  
  61  7:03  Factory Tech Lab  
  61  7:12  SCV x2  
  63  7:15  Supply Depot  
  63  7:18  Terran Vehicle Weapons Level 1  
  63  7:19  Supply Depot  
  63  7:22  Siege Tank  
  66  7:24  SCV  
  66  7:26  Armory  
  66  7:27  SCV  
  68  7:33  Refinery  
  68  7:34  Orbital Command  
  68  7:36  SCV  
  69  7:41  Siege Tank  
  72  7:52  SCV, Sensor Tower  
  72  7:53  SCV  
  72  7:54  Missile Turret  
  74  8:06  Siege Tank  
  77  8:13  Siege Tank, SCV x3  
  83  8:27  Terran Vehicle And Ship Armor Level 1, Refinery  
  83  8:29  Terran Infantry Weapons Level 2  
  83  8:36  Supply Depot  
  83  9:02  Orbital Command  
  71  9:20  Marine x2, Siege Tank x2  
  71  9:21  Marauder  
  81  9:29  SCV x3  
  84  9:35  Refinery  
  84  9:38  Marine x2  
  84  9:41  SCV x3  
  84  9:42  Marauder  
  91  9:52  Siege Tank x2  
  97  9:53  SCV x3  
  97  9:56  Sensor Tower  
  100  10:04  Marauder  
  100  10:05  SCV x3  
  105  10:13  Terran Infantry Armor Level 2, Supply Depot  
  105  10:14  Terran Vehicle Weapons Level 2  
  105  10:15  Missile Turret  
  105  10:16  Medivac x2  
  109  10:29  Supply Depot  
  109  10:32  Supply Depot  
  109  10:34  Marine x2  
  109  10:35  Supply Depot, Marauder, Terran Vehicle And Ship Armor Level 2  
  113  10:50  Medivac x2  
  117  11:02  Command Center  
  117  11:06  Siege Tank x2  
  123  11:11  Supply Depot  
  123  11:15  Barracks  
  123  11:17  Terran Infantry Weapons Level 3  
  123  11:30  SCV x3  
  126  11:44  Siege Tank x2  
  126  11:47  Marine x2, Marauder  
  136  11:55  Supply Depot  
  136  12:05  Marine x2  
  136  12:07  Refinery  
  136  12:08  Marauder  
  140  12:09  Medivac  
  140  12:10  Medivac, Refinery  
  144  12:23  Marine x2  
  144  12:24  Barracks Tech Lab  
  144  12:26  Siege Tank x2  
  144  12:29  Marauder  
  154  12:32  Terran Infantry Armor Level 3  
  154  12:34  Terran Vehicle Weapons Level 3  
  154  12:41  Marine x2  
  156  12:50  Marauder  
  156  12:51  Marauder  
  160  12:59  Marine x2  
  160  13:05  Liberator x2  
  162  13:12  Marauder x2  
  164  13:16  Marine  
  164  13:17  Marine  
  170  13:29  Supply Depot  
  170  13:32  Supply Depot, Terran Vehicle And Ship Armor Level 3  
  170  13:33  Marauder  
  172  13:48  Liberator x2  
  172  13:50  Marine x3  
  172  13:54  Marauder  
  177  13:59  Neosteel Armor  
  177  14:09  Marauder  
  185  14:10  Supply Depot  
  185  14:12  Supply Depot  
  124  14:46  Siege Tank x2  
  124  14:47  Marine x4  
  124  15:05  Marine x3  
  124  15:06  Marauder  
  128  15:11  Terran Ship Weapons Level 1  
  118  15:18  Siege Tank x2  
  116  15:23  Marine x3  
  116  15:27  Marine  
  113  15:36  Liberator x2  
  113  15:40  Marine  
  113  15:41  Marine x2  
  116  15:45  Marauder  
  118  15:50  Siege Tank x2  
  118  15:56  Planetary Fortress  
  130  15:58  Marine x2  
  130  15:59  Marauder  
  134  16:06  Marauder  
  136  16:16  Marine x2  
  138  16:19  Liberator x2  
  138  16:21  Marauder  
  138  16:22  Siege Tank x2  
  146  16:27  Marine  
  139  16:34  Marine x2  
  131  16:42  Marauder  
  131  16:45  Marauder  
  135  16:52  Marine x2  
  137  16:54  Siege Tank x2  
  143  17:01  Liberator x2  
  143  17:03  Marauder  
  143  17:07  Marauder  
  147  17:10  Marine x2  
  152  17:25  Marauder  
  152  17:26  Siege Tank x2  
  152  17:27  Marine x2  
  152  17:28  Marauder  
  161  17:45  Marine x2  
  161  17:46  Marauder  
  161  17:50  Marauder  
  167  17:51  Barracks  
  167  17:53  Barracks  
Tags
 
Add a new tag
Caveats
  • Supply blocks, unpowered buildings, or Contaminate may cause inaccurate times.
  • Supply counts are checked every 10 seconds.